[Event "Late-Titled-Tuesday-Blitz-March-19-2024"]
[Site "Chess.com"]
[Date "2024.03.19"]
[Round "1"]
[White "Yurovskykh_Oleksandr"]
[Black "chessamical"]
[Result "1/2-1/2"]
[WhiteElo "2613"]
[BlackElo "2273"]
[TimeControl "180+1"]
[EndTime "14:07:44 PDT"]
[Termination "Game drawn - insufficient material"]

1. d4 Nf6 2. Nf3 d5 3. c3 e6 4. Bf4 Bd6 5. Bg3 O-O 6. Nbd2 c5 7. e3 Qc7 8. dxc5 Qxc5 9. Bd3 b6 10. e4 Bxg3 11. hxg3 Ba6 12. Bxa6 Nxa6 13. e5 Ne4 14. Nxe4 dxe4 15. Qc2 Qc4 16. Nd2 Qd3 17. Qxd3 exd3 18.
f4 f6 19. exf6 Rxf6 20. Ne4 Rg6 21. O-O-O Rd8 22. Rh5 Rd5 23. Rdh1 Nc5 24. Nxc5 bxc5 25. R5h3 c4 26. Kd2 e5 27. fxe5 Rxe5 28. Re1 Rge6 29. Rxe5 Rxe5 30. Rh4 Re2+ 31. Kd1 Rxb2 32. Rxc4 Rxa2 33.
Rd4 d2 34. Rxd2 Rxd2+ 35. Kxd2 Kf7 36. Kd3 Ke6 37. Kc4 Kd6 38. Kb5 Kc7 39. Ka6 Kb8 40. g4 g5 41. c4 Ka8 42. c5 Kb8 43. c6 Kc7 44. Kxa7 Kxc6 45. Kb8 Kd5 46. Kc7 Ke4 47. Kd6 Kf4 48. Ke6 Kxg4 49. Kf6 h5 50. Kg6 h4 51.
Kf6 Kg3 52. Kxg5 Kxg2 53. Kxh4 1/2-1/2

[Event "Late-Titled-Tuesday-Blitz-March-19-2024"]
[Site "Chess.com"]
[Date "2024.03.19"]
[Round "1"]
[White "rikchessmx"]
[Black "Vahe_Danielyan"]
[Result "0-1"]
[WhiteElo "2296"]
[BlackElo "2638"]
[TimeControl "180+1"]
[EndTime "14:07:45 PDT"]
[Termination "Vahe_Danielyan won on time"]

1. e4 e6 2. d4 d5 3. Nc3 Bb4 4. e5 c5 5. a3 Bxc3+ 6. bxc3 Ne7 7. Nf3 b6 8. Bb5+ Nec6 9. O-O Ba6 10. a4 h6 11. Ba3 Qe7 12. dxc5 bxc5 13. Nd4 Bb7 14. f4 a6 15. Nxc6 Bxc6 16. Bd3 g6 17. c4 d4 18. Qe1 O-O 19. Bc1 Kg7 20. Bd2 Nd7 21. Qg3 Kh7 22. a5 Rab8 23. Rae1 Rb2 24. h4 Rg8 25. Rf2 h5 26.
Kh2 Ba4 27. Bc1 Rb1 28. Qf3 Qxh4+ 29. Kg1 Qg4 30. Qe4 Rc8 31. c3 Bc6 32. Qe2 Qxe2 33. Rfxe2 Ra1 34. cxd4 cxd4 35. Bb2 Rxe1+ 36. Rxe1 Nc5 37.
Bf1 d3 38. Bd4 Nb3 39. Bb6 d2 40. Rd1 Be4 41. c5 Bc2 42. Rxd2 Nxd2 43. Bxa6 Ra8 44. Bb7 Be4 45. a6 Nc4 46. Bxe4 Rxa6 47. Bc7 Ra1+ 48.
Kh2 Rc1 49. Bd6 Kg7 50. Kg3 Rc3+ 51. Kf2 Nd2 0-1

[Event "Late-Titled-Tuesday-Blitz-March-19-2024"]
[Site "Chess.com"]
[Date "2024.03.19"]
[Round "1"]
[White "Taran2004"]
[Black "Evandro_Barbosa"]
[Result "0-1"]
[WhiteElo "2401"]
[BlackElo "2717"]
[TimeControl "180+1"]
[EndTime "14:07:46 PDT"]
[Termination "Evandro_Barbosa won by resignation"]

1. e4 c5 2. Nf3 e6 3. g3 Nc6 4.
Bg2 Nf6 5. e5 Ng4 6. d4 cxd4 7.
Nxd4 Ngxe5 8. O-O Nxd4 9. Qxd4 Nc6 10. Qg4 h5 11. Qe2 Be7 12. Nc3 d5 13. Bf4 h4 14.
Rad1 hxg3 15. hxg3 O-O 16. Qh5 g6 17. Qh2 Qb6 18. b3 Bf6 19. Na4 Qb4 20. Bf3 Nd4 21. Bg4 e5 22. c3 Qe7 23. cxd4 exf4 24. Bxc8 Raxc8 25. Rde1 Qd6 26. Kg2 Kg7 27. gxf4 Rh8 28. Qg3 Rh5 29. Rd1 Rch8 30. Nc5 Rh2+ 31. Kg1 R8h7 32. Nxb7 Qb8 33. Nc5 Qh8 34. f3 Kg8 35. Rfe1 Bxd4+ 36. Kf1 Rh1+ 37. Ke2 Bxc5 38. Rxh1 Rxh1 39.
Rxd5 Rh2+ 40. Kd3 Bf8 41. f5 Qb2 42. fxg6 Qc2+ 43. Ke3 Re2+ 44. Kf4 Bh6+ 45. Kg4 Qxg6+ 46. Kh3 Qxg3+ 47. Kxg3 Rxa2 48. Rd7 Bf8 49. Kg4 a5 50. Rb7 Bb4 51. Kf5 Kg7 52. Ke4 Rb2 53. f4 Rxb3 54.
f5 Rb1 55. Ra7 Re1+ 56. Kd5 Kf6 57. Kc4 Re5 0-1

[Event "Late-Titled-Tuesday-Blitz-March-19-2024"]
[Site "Chess.com"]
[Date "2024.03.19"]
[Round "1"]
[White "AryanTari"]
[Black "laziestwin"]
[Result "0-1"]
[WhiteElo "3009"]
[BlackElo "2561"]
[TimeControl "180+1"]
[EndTime "14:07:48 PDT"]
[Termination "laziestwin won by resignation"]

1. e4 c5 2. Nc3 e6 3. d4 cxd4 4. Qxd4 Nc6 5. Qd3 Nf6 6. Bf4 Bc5 7.
O-O-O O-O 8. e5 Ng4 9. Ne4 Qa5 10. Qe3 Bxe3+ 11. fxe3 Qxa2 12. Nf3 Qa1+ 13. Kd2 Qxb2 14. Bd3 f5 15. Rb1 Qa3 16. Nd6 Qa5+ 17. Ke2 Ngxe5 18. Nxe5 Nxe5 19. Rb5 Qa3 20. Bxe5 b6 21. Ra1 Qxa1 22. Bxa1 Ba6 23. Rb3 Bxd3+ 24. cxd3 Rfb8 25. Be5 a5 26. Nb5 Rb7 27. Bd6 a4 28. Rc3 Ra5 29. Nd4 b5 30.
Bb4 Ra8 31. e4 fxe4 32. dxe4 Kf7 33. Rf3+ Kg8 34. Rc3 h6 35. e5 Raa7 36. Kd3 Ra8 37. Ke4 Kf7 38. g4 Kg6 39. h4 Kf7 40. h5 g6 41. Rf3+ Kg7 42. Ne2 gxh5 43. gxh5 Rc7 44. Nd4 Rc4 45. Bd6 b4 46. Rg3+ Kh7 47. Rf3 a3 48. Rf7+ Kg8 49. Kd3 Rxd4+ 50. Kxd4 Kxf7 51. Bxb4 a2 52. Bc3 a1=Q 0-1

[Event "Late-Titled-Tuesday-Blitz-March-19-2024"]
[Site "Chess.com"]
[Date "2024.03.19"]
[Round "1"]
[White "ozates"]
[Black "AndreyNeves"]
[Result "0-1"]
[WhiteElo "2574"]
[BlackElo "2120"]
[TimeControl "180+1"]
[EndTime "14:07:51 PDT"]
[Termination "AndreyNeves won by checkmate"]

1. e4 c6 2. d4 d5 3. e5 Bf5 4. c3 e6 5. Nd2 Ne7 6. Ngf3 Nd7 7. Nh4 c5 8. Nxf5 Nxf5 9. Nf3 h5 10. Bd3 g6 11. Bg5 Be7 12. h4 c4 13. Bc2 b5 14. Qd2 a5 15. Bxe7 Qxe7 16. Ng5 Kf8 17. Qe2 Kg7 18. g4 hxg4 19. Qxg4 Rh5 20. Kd2 Rah8 21. Bxf5 exf5 22. Qg3 Nf8 23. Rag1 Ne6 24. Nf3 b4 25. Qg2 bxc3+ 26. bxc3 Qa3 27. Rc1 Rb8 28.
Rc2 Rb2 29. Ne1 Qxa2 30. Qxd5 Qb1 31. Rxb2 Qxb2+ 32. Nc2 Nf4 33. Qxc4 Ng2 34. d5 Qb6 35. Ke2 f4 36. Qe4 Nxh4 37. e6 fxe6 38. dxe6 Qd6 39. Rd1 Qa6+ 40. c4 f3+ 41. Kf1 Nf5 42.
Rd7+ Kg8 43. Ke1 Rh1+ 44. Kd2 a4 45. e7 Qa5+ 46. Nb4 Qxb4+ 47. Kc2 Qb3+ 48. Kd2 Rd1# 0-1

[Event "Late-Titled-Tuesday-Blitz-March-19-2024"]
[Site "Chess.com"]
[Date "2024.03.19"]
[Round "1"]
[White "AungTZ"]
[Black "albi1999"]
[Result "0-1"]
[WhiteElo "2041"]
[BlackElo "2583"]
[TimeControl "180+1"]
[EndTime "14:07:51 PDT"]
[Termination "albi1999 won by checkmate"]

1. e4 c5 2. Nf3 a6 3. c3 d5 4. e5 Nc6 5. d4 cxd4 6. cxd4 Bg4 7. Be2 e6 8. O-O Nge7 9. Nbd2 Rc8 10. Nb3 Nf5 11.
h3 Bxf3 12. Bxf3 Be7 13. Bg4 O-O 14. Bxf5 exf5 15. Bd2 Qd7 16. Rc1 g6 17. Re1 Rc7 18. Qf3 Rfc8 19. g4 fxg4 20. hxg4 Nd8 21. Rxc7 Rxc7 22.
Ba5 Rc2 23. Bxd8 Qxd8 24. Re2 Rxe2 25. Qxe2 Qc8 26. Kg2 b5 27. Kg3 Qd8 28. Qc2 Bh4+ 29. Kh3 Bg5 30. Qc6 Bf4 31. Nc5 h5 32. f3 hxg4+ 33.
fxg4 Qg5 34. Qc8+ Kg7 35. Nd7 Qh6+ 36. Kg2 Qh2+ 37. Kf3 Qg3+ 38. Ke2 Qe3+ 39. Kf1 Qf3+ 40. Ke1 Bg3+ 41. Kd2 Qf2+ 42. Kd3 Bh4 43. Qf8+ Kh7 44. e6 Qf3+ 45. Kc2 Qe2+ 46. Kb3 Qc4+ 47. Ka3 Qa4# 0-1

[Event "Late-Titled-Tuesday-Blitz-March-19-2024"]
[Site "Chess.com"]
[Date "2024.03.19"]
[Round "1"]
[White "DucksParadise"]
[Black "SchmakAttack"]
[Result "0-1"]
[WhiteElo "2491"]
[BlackElo "2829"]
[TimeControl "180+1"]
[EndTime "14:07:56 PDT"]
[Termination "SchmakAttack won by resignation"]

1. e4 e5 2. Nf3 Nc6 3. Bc4 Nf6 4. d3 h6 5. O-O g5 6. d4 exd4 7. e5 d5 8. Bb5 Ne4 9. Nxd4 Bd7 10. e6 fxe6 11.
Qh5+ Ke7 12. Nxc6+ Bxc6 13. Bxc6 bxc6 14. f3 Nf6 15.
Bxg5 hxg5 16. Qxh8 Qd6 17. Nc3 Rb8 18. Rab1 Rb4 19.
Qh3 Kf7 20. Qg3 Qc5+ 21. Kh1 Rh4 22. Qxg5 Rh5 23. Qd2 Bd6 24. h3 Rh4 25. Qf2 Nh5 26. Ne2 Qc4 27. b3 Qxe2 28. Qxh4 Ng3+ 29. Kg1 Bc5+ 30.
Kh2 Nxf1+ 31. Rxf1 Qxf1 32. Qh7+ Kf6 33. Qh6+ Ke5 34.
Qg7+ Kf5 35. Qf7+ Kg5 36. Qg7+ Kf4 37. Qh6+ Kf5 38. Qh7+ Kf6 39. Qh6+ Ke7 40. Qg7+ Kd8 41. Qg8+ Kd7 42. Qf7+ Be7 43. h4 Qf2 44. Kh3 Qxc2 45. h5 Qf5+ 46. Qxf5 exf5 47. g4 fxg4+ 48. Kxg4 Ke6 49. h6 Bf6 50. Kh5 d4 51. Kg6 d3 52.
f4 d2 53. f5+ Ke5 0-1

[Event "Late-Titled-Tuesday-Blitz-March-19-2024"]
[Site "Chess.com"]
[Date "2024.03.19"]
[Round "1"]
[White "kylelancman"]
[Black "krzyzan94"]
[Result "0-1"]
[WhiteElo "2467"]
[BlackElo "2789"]
[TimeControl "180+1"]
[EndTime "14:07:57 PDT"]
[Termination "krzyzan94 won by checkmate"]

1. e4 c5 2. Nf3 a6 3. c4 Nc6 4. d4 cxd4 5. Nxd4 e6 6. Nc3 Qc7 7. a3 Nf6 8. Be3 Be7 9. Be2 O-O 10. O-O b6 11. Rc1 Bb7 12. f3 Nxd4 13. Bxd4 Bc5 14. b4 Bxd4+ 15. Qxd4 d6 16. Rfd1 Rfd8 17. Na4 Bc6 18.
Qxb6 Qc8 19. Nc3 Nd7 20. Qe3 Ne5 21. f4 Ng6 22. Nd5 Qb7 23. Nc3 Rac8 24. Bd3 e5 25. f5 Nf4 26. g3 Nh5 27. Nd5 Bxd5 28. cxd5 Nf6 29. h3 Rxc1 30. Rxc1 Rc8 31. Kg2 h5 32.
Rxc8+ Qxc8 33. Qe2 h4 34. gxh4 Qc3 35. Bxa6 Qxa3 36.
Bd3 Qxb4 37. h5 Qd4 38. Qf3 Nxh5 39. Qxh5 Qxd3 40. Qf3 Qd2+ 41. Kg3 Kh7 42. Qh5+ Kg8 43. Qf3 Qe1+ 44. Kg2 Qh4 45. Qg4 Qh6 46. Qf3 Kh7 47.
Qg4 Kg8 48. h4 Qe3 49. Kh2 Kf8 50. Qg5 Qf2+ 51. Kh3 Qf3+ 52. Kh2 f6 53. Qg2 Qf4+ 54.
Kh3 Kg8 55. Qe2 g5 56. hxg5 fxg5 57. Qh5 Qe3+ 58. Kg4 Qg1+ 59. Kh3 Qh1+ 60. Kg4 Qg2# 0-1

[Event "Late-Titled-Tuesday-Blitz-March-19-2024"]
[Site "Chess.com"]
[Date "2024.03.19"]
[Round "1"]
[White "prochn"]
[Black "Byniolus"]
[Result "0-1"]
[WhiteElo "2469"]
[BlackElo "2792"]
[TimeControl "180+1"]
[EndTime "14:07:58 PDT"]
[Termination "Byniolus won on time"]

1. d4 d6 2. Nf3 Bg4 3. g3 Bxf3 4. exf3 e6 5. Bg2 c6 6. O-O g6 7. Re1 Bg7 8. c3 Ne7 9. Bg5 h6 10. Bxe7 Qxe7 11. f4 O-O 12. Nd2 Qc7 13. Qf3 Nd7 14. h4 h5 15. Rad1 d5 16. Qd3 c5 17. dxc5 Nxc5 18.
Qb1 Qb6 19. Re2 Rac8 20. Nf3 Rfd8 21. Ne5 Nd7 22. Nxg6 fxg6 23. Qxg6 Nf8 24. Qxh5 d4 25. c4 d3 26. Red2 Rxc4 27. Rxd3 Rxd3 28. Rxd3 Rc1+ 29. Bf1 Rc2 30. Rf3 Qxb2 31. Bd3 Rd2 32. f5 Qf6 33. fxe6 Qxe6 34. Bf5 Qe1+ 35. Kg2 Rd1 36. Be6+ Qxe6 37. Rxf8+ Bxf8 38. Qxd1 Qxa2 39. Qg4+ Kh7 40. Qf5+ Kg7 41. Qg4+ Kf7 42. Qd7+ Be7 43. Qf5+ Ke8 44. Qc8+ Bd8 45. Qxb7 a5 46. h5 Qe6 0-1

[Event "Late-Titled-Tuesday-Blitz-March-19-2024"]
[Site "Chess.com"]
[Date "2024.03.19"]
[Round "1"]
[White "ukchessbomber"]
[Black "olga-belka"]
[Result "1-0"]
[WhiteElo "2634"]
[BlackElo "2282"]
[TimeControl "180+1"]
[EndTime "14:07:59 PDT"]
[Termination "ukchessbomber won on time"]

1. b3 Nf6 2. Bb2 g6 3. Nf3 Bg7 4.
h3 O-O 5. d4 d5 6. Nbd2 Ne4 7. e3 c5 8. Bd3 Nxd2 9. Qxd2 Nc6 10.
O-O-O Re8 11. dxc5 Bxb2+ 12. Kxb2 e5 13. Bb5 a6 14. Bxc6 bxc6 15. e4 Bb7 16. h4 a5 17.
h5 a4 18. b4 a3+ 19. Kb1 Qe7 20. Qh6 Qf8 21. hxg6 Qxh6 22. gxf7+ Kg7 23. Rxh6 Kxh6 24. fxe8=Q Rxe8 25. exd5 cxd5 26. b5 d4 27. c6 Bc8 28.
b6 Re6 29. b7 Bxb7 30. cxb7 Rb6+ 31. Ka1 Rxb7 32. Nxe5 Re7 33. f4 Rc7 34. Kb1 Rb7+ 35. Kc1 Rb2 36. Rd3 Rxa2 37. Rxd4 Ra1+ 38. Kd2 Rg1 39.
Ra4 Rxg2+ 40. Kc3 Rg3+ 41. Nd3 Kg7 42. Rxa3 h5 43. Ra5 h4 44. Rg5+ Rxg5 45. fxg5 Kg6 46.
Kd4 Kxg5 47. c4 Kf6 48. c5 Ke6 49. Kc4 1-0

[Event "Late-Titled-Tuesday-Blitz-March-19-2024"]
[Site "Chess.com"]
[Date "2024.03.19"]
[Round "1"]
[White "Igrok3069"]
[Black "HajiyevKanan"]
[Result "1-0"]
[WhiteElo "2856"]
[BlackElo "2500"]
[TimeControl "180+1"]
[EndTime "14:08:00 PDT"]
[Termination "Igrok3069 won by resignation"]

1. d4 d5 2. c4 c6 3. Nc3 Nf6 4. e3 a6 5. b3 Bf5 6. Bd3 Bxd3 7.
Qxd3 e6 8. Bb2 Bb4 9. Ne2 O-O 10. O-O Nbd7 11. Rad1 Qe7 12. Qc2 Ba3 13. Ba1 a5 14.
Nf4 Bd6 15. Nd3 Rfc8 16. Rfe1 b5 17. c5 Bc7 18. f4 b4 19. Nb1 Ne4 20. Nd2 Nxd2 21.
Qxd2 Nf6 22. Nf2 a4 23. Bb2 axb3 24. axb3 Ra2 25. Ra1 Rca8 26. Rxa2 Rxa2 27. Ra1 Rxa1+ 28. Bxa1 Ba5 29. Bb2 Qa7 30. g4 Qa6 31. Qc2 Bc7 32. Bc1 Qa1 33. Kg2 h6 34. Kf3 Ne8 35. Bd2 Ba5 36. Qd1 Qb2 37. Nd3 Qa2 38. Ne5 Nf6 39. Qe2 Ne4 40. Bxb4 Qxe2+ 41. Kxe2 Bxb4 42. Nxc6 Bxc5 43. dxc5 Nxc5 44. b4 Nd7 45. Kd3 Kf8 46. Kd4 Ke8 47. h4 f6 48. h5 Nb6 49. Kc5 Nc8 50.
b5 Kd7 51. b6 Nxb6 52. Kxb6 Kd6 53. Kb5 e5 54. f5 d4 55. exd4 exd4 56. Nxd4 Ke5 57. Ne6 Ke4 58. Nxg7 Kf4 59. Kc6 Kxg4 60. Kd6 1-0

[Event "Late-Titled-Tuesday-Blitz-March-19-2024"]
[Site "Chess.com"]
[Date "2024.03.19"]
[Round "1"]
[White "inagreV"]
[Black "RodokininEV"]
[Result "1/2-1/2"]
[WhiteElo "2378"]
[BlackElo "2678"]
[TimeControl "180+1"]
[EndTime "14:08:01 PDT"]
[Termination "Game drawn - insufficient material"]

1. e4 c5 2. Nf3 d6 3. Bb5+ Nd7 4.
d4 cxd4 5. Qxd4 a6 6. Bxd7+ Bxd7 7. Nc3 e6 8. Bg5 Qc7 9. O-O-O Qc5 10. Qxc5 dxc5 11.
Ne5 Bc6 12. Nxc6 bxc6 13. Na4 Nf6 14. f3 Be7 15. Rd3 Rb8 16. Be3 Nd7 17. Rhd1 Ne5 18. Rc3 c4 19. f4 Ng4 20. Bg1 e5 21. h3 Nf6 22. Rxc4 exf4 23. Rxc6 Nxe4 24. Re1 f5 25. Nc5 Bxc5 26. Bxc5 Kd7 27. Rd6+ Nxd6 28. Rd1 Kc6 29.
Bxd6 Rbd8 30. Bxf4 Rxd1+ 31. Kxd1 Kd5 32. b3 Ke4 33. g3 h6 34. h4 Rg8 35. h5 Rd8+ 36. Ke2 Rc8 37. c4 Kd4 38. Kd2 Re8 39.
Bd6 Re4 40. Bf4 a5 41. Bc7 Rg4 42. a3 a4 43. Bb6+ Ke5 44. Bc7+ Kd4 45. Bb6+ Ke5 46.
Bc7+ Ke6 47. c5 axb3 48. Kc3 Kd5 49. Bd6 Rg5 50. Kxb3 Rxh5 51. a4 Rh1 52. Kb4 Kc6 53.
Kc4 Ra1 54. Kd4 Rxa4+ 55. Ke5 Re4+ 56. Kxf5 Re3 57. Kg6 Re6+ 58. Kxg7 h5 59. Kf7 Re4 60. Kg6 h4 61. gxh4 Rxh4 62. Kf5 Rh5+ 63. Ke6 Rxc5 64.
Bxc5 1/2-1/2

[Event "Late-Titled-Tuesday-Blitz-March-19-2024"]
[Site "Chess.com"]
[Date "2024.03.19"]
[Round "1"]
[White "Seochesspie"]
[Black "Cambek64"]
[Result "1-0"]
[WhiteElo "2865"]
[BlackElo "2503"]
[TimeControl "180+1"]
[EndTime "14:08:02 PDT"]
[Termination "Seochesspie won by resignation"]

1. d4 b5 2. e4 Bb7 3. Nd2 a6 4. Ngf3 e6 5. Bd3 Nf6 6. Qe2 Be7 7. O-O d5 8. e5 Nfd7 9. c3 c5 10. Re1 Nc6 11. Nf1 cxd4 12. cxd4 Qb6 13. Be3 O-O 14. Ng3 Rfc8 15. Rad1 Nf8 16. h4 b4 17. h5 a5 18. Qd2 Ba6 19. Bb1 Qd8 20. h6 g6 21.
Bg5 a4 22. Bxe7 Qxe7 23. Qf4 Rc7 24. Nh2 Rac8 25. Ng4 a3 26. Nf6+ Kh8 27. b3 Nb8 28. Nf1 Nbd7 29. Nxd7 Nxd7 30. Ne3 Kg8 31. Ng4 Rc3 32.
g3 R8c7 33. Re3 Rxe3 34. Qxe3 Rc3 35. Qd2 Qd8 36. Re1 Bb5 37. Qf4 Bd3 38. Bxd3 Rxd3 39. Rc1 Rc3 40. Rxc3 bxc3 41. Qc1 Qc8 42. Qc2 Nb8 43.
Ne3 Na6 44. Nd1 Nb4 45. Qxc3 Qf8 46. Qd2 f6 47. exf6 Kf7 48. Ne3 Qd6 49. Ng4 Nc6 50. Qc3 Ke8 51. Kg2 Nd8 52. Ne5 Qb6 53. b4 Qb5 54. Qc7 1-0

[Event "Late-Titled-Tuesday-Blitz-March-19-2024"]
[Site "Chess.com"]
[Date "2024.03.19"]
[Round "1"]
[White "diamonds13"]
[Black "Gentlejimmy7"]
[Result "1-0"]
[WhiteElo "2360"]
[BlackElo "2645"]
[TimeControl "180+1"]
[EndTime "14:08:03 PDT"]
[Termination "diamonds13 won by resignation"]

1. d4 b6 2. c4 Bb7 3. Nc3 Nf6 4. d5 e6 5. e4 exd5 6. exd5 Bb4 7. Bd2 O-O 8. Bd3 Re8+ 9. Nge2 Na6 10. a3 Bxc3 11. Bxc3 Nc5 12. O-O a5 13. Bc2 a4 14. Ng3 Ba6 15. Qd4 d6 16. Nf5 Re5 17. Qh4 Nfe4 18. Qxd8+ Rxd8 19. Bxe5 dxe5 20. Ne7+ Kf8 21. Nc6 Re8 22. Rfe1 Nd6 23. Nxe5 Nxc4 24. Nxc4 Bxc4 25. Rxe8+ Kxe8 26. Re1+ Kd7 27. Bxh7 Bxd5 28. Bf5+ Kd6 29. f3 g6 30. Bc2 b5 31. h4 Ne6 32. Rd1 Ke5 33.
Kf2 Nd4 34. Bd3 c5 35. Re1+ Kd6 36. Be4 Be6 37. g4 b4 38. h5 gxh5 39. gxh5 f5 40. h6 Bg8 41. Bd3 Bh7 42. Rg1 Ne6 43. Bc4 Nf8 44. Bg8 Ke5 45. Bxh7 Nxh7 46. Rg7 Nf8 47. h7 Nxh7 48. Rxh7 bxa3 49. bxa3 Kd4 50. Rf7 Kc3 51.
Rxf5 c4 52. Rb5 Kd2 53. f4 c3 54. f5 c2 55. Rc5 c1=Q 56. Rxc1 Kxc1 57. f6 Kb2 58. f7 Kxa3 59. f8=Q+ Kb3 60. Qb8+ Kc3 61. Qc7+ Kb3 62. Qb6+ Kc3 63. Qc5+ Kb3 64. Qd4 a3 65. Qa1 a2 66. Ke3 Ka3 67. Kd3 Kb3 68. Kd2 Ka3 69.
Kc3 1-0

[Event "Late-Titled-Tuesday-Blitz-March-19-2024"]
[Site "Chess.com"]
[Date "2024.03.19"]
[Round "1"]
[White "flawian2008"]
[Black "angelgab3"]
[Result "0-1"]
[WhiteElo "2303"]
[BlackElo "2645"]
[TimeControl "180+1"]
[EndTime "14:08:03 PDT"]
[Termination "angelgab3 won on time"]

1. d4 Nf6 2. c4 e6 3. Nf3 d5 4.
g3 dxc4 5. Bg2 a6 6. O-O Nc6 7. e3 Rb8 8. Nfd2 e5 9. Nxc4 exd4 10. exd4 Nxd4 11. Re1+ Be7 12. Bg5 Ne6 13. Qxd8+ Bxd8 14. Bd2 O-O 15. Nc3 c6 16. Rad1 Bc7 17. Be3 b5 18.
Nd2 c5 19. Nde4 Nxe4 20. Nxe4 c4 21. Nc5 Bb6 22. Nxe6 Bxe6 23. Bf4 Rbd8 24. Bb7 a5 25. Bd6 Bg4 26. Rd5 Rfe8 27. Rxe8+ Rxe8 28. Rxb5 Bh3 29. Re5 Rd8 30. Bc6 Bd4 31. Re2 h5 32. Be7 Rb8 33. Ba3 Rd8 34. Bg2 Bxb2 35. Bxh3 Bxa3 36. Bf5 g6 37.
Bc2 c3 38. Kg2 Bc5 39. Bb3 Kg7 40. Rc2 Bb4 41. Re2 Kf6 42. Rc2 Ke5 43. a3 Kd4 44. axb4 axb4 45. Bxf7 Rd6 46. Ra2 Kd3 47. Ra4 c2 48.
Ra1 Kd2 49. Ra2 Kc3 50. Ra1 b3 0-1

[Event "Late-Titled-Tuesday-Blitz-March-19-2024"]
[Site "Chess.com"]
[Date "2024.03.19"]
[Round "1"]
[White "m_ezat"]
[Black "MikeSailer"]
[Result "1-0"]
[WhiteElo "2596"]
[BlackElo "2127"]
[TimeControl "180+1"]
[EndTime "14:08:03 PDT"]
[Termination "m_ezat won by checkmate"]

1. d4 d5 2. c4 Bf5 3. cxd5 Bxb1 4. Qa4+ c6 5. dxc6 Nxc6 6. Rxb1 e5 7. a3 exd4 8. e3 dxe3 9. Bxe3 Nf6 10. Bb5 Qd6 11. Rc1 Rc8 12. Qxa7 Qc7 13. Nf3 Bd6 14. Nd4 O-O 15. Nxc6 bxc6 16. Qxc7 Rxc7 17. Rxc6 Rb7 18. Bc4 Be5 19. b4 Bc3+ 20. Ke2 Bb2 21. Ba6 Rbb8 22. b5 Nd5 23. a4 Nc3+ 24. Kf3 Nxa4 25.
Rb1 Be5 26. b6 Nxb6 27. Rbxb6 Rxb6 28. Rxb6 h6 29. Bc4 Kh7 30. Rb7 f6 31. h4 Rd8 32.
h5 Re8 33. Bf7 Rf8 34. Bg6+ Kh8 35. g4 Rd8 36. Ke4 Ra8 37. f4 Bd6 38. Rd7 Bf8 39.
Bd4 Rb8 40. Ra7 Rc8 41. Bf5 Rb8 42. Rc7 Re8+ 43. Kf3 Ra8 44. Rc8 Rxc8 45. Bxc8 Kg8 46. Be6+ Kh8 47. Ke4 Be7 48. Kf5 Bf8 49. Kg6 Bb4 50. Bf7 Bf8 51. g5 fxg5 52. fxg5 hxg5 53. h6 Be7 54. hxg7# 1-0

[Event "Late-Titled-Tuesday-Blitz-March-19-2024"]
[Site "Chess.com"]
[Date "2024.03.19"]
[Round "1"]
[White "BebeBonito2022"]
[Black "M1711"]
[Result "0-1"]
[WhiteElo "2301"]
[BlackElo "2643"]
[TimeControl "180+1"]
[EndTime "14:08:04 PDT"]
[Termination "M1711 won on time"]

1. d4 Nf6 2. c4 e6 3. Nc3 d5 4. cxd5 exd5 5. Bg5 c6 6. e3 Bd6 7. Bd3 O-O 8. Nge2 Re8 9. Qc2 h6 10. Bh4 a5 11. Bg3 Na6 12. a3 Qb6 13. Bxd6 Qd8 14.
Bg3 Bg4 15. O-O Nc7 16. h3 Bd7 17. Rab1 Ne6 18. b4 axb4 19. axb4 b5 20. e4 dxe4 21. Nxe4 Nxe4 22. Bxe4 Ng5 23. Bd3 f5 24. Be5 Rf8 25. Nf4 Qe8 26. Rfe1 Ne4 27. f3 g5 28. fxe4 gxf4 29.
Rf1 Be6 30. Rxf4 Ra2 31. Rb2 Ra1+ 32. Rf1 Rxf1+ 33. Bxf1 f4 34. Be2 Qg6 35. Kh1 Qg3 36.
Bf1 Bd7 37. Qf2 Qg6 38. Qf3 Ra8 39. Rf2 Rf8 40. Bd3 Be6 41. d5 cxd5 42. exd5 Bf5 43.
Bxf5 Rxf5 44. Qc3 Qe8 45. Bxf4 Qe4 46. Bg3 Rxf2 47. Bxf2 Qxd5 48. Qc8+ Kh7 49. Qc2+ Kg8 0-1

[Event "Late-Titled-Tuesday-Blitz-March-19-2024"]
[Site "Chess.com"]
[Date "2024.03.19"]
[Round "1"]
[White "Nicolik"]
[Black "maciek_92"]
[Result "0-1"]
[WhiteElo "2519"]
[BlackElo "2900"]
[TimeControl "180+1"]
[EndTime "14:08:05 PDT"]
[Termination "maciek_92 won by resignation"]

1. d4 Nf6 2. c4 e6 3. Nf3 b6 4. g3 Ba6 5. Qc2 Bb4+ 6. Bd2 Bxd2+ 7. Nbxd2 O-O 8. e4 d6 9. Bd3 h6 10. O-O-O Nc6 11. a3 e5 12. d5 Ne7 13. Rdg1 c6 14. dxc6 Nxc6 15. g4 Nd7 16. g5 hxg5 17. h4 g4 18.
Rxg4 Nf6 19. Rg5 Rc8 20. Rhg1 Ne8 21. Kb1 Qf6 22. Qd1 Na5 23. Qf1 Nxc4 24. Nxc4 Bxc4 25. Bxc4 Qxf3 26. Bd5 Rc5 27. Rf5 Qxf5 28. exf5 Rxd5 29. Qg2 Rd4 30. f6 Kh7 31. fxg7 Rg8 32. Qb7 Rf4 33. Qxa7 Rxf2 34. Qxb6 Rf6 35. Qc6 Nxg7 36. Qe4+ Kh6 37. Rg5 Rf4 38. Qe1 Rc8 39. Qg3 Ne6 40. Rg8 Rxg8 41.
Qxg8 e4 42. Qg3 d5 43. a4 Rf3 44. Qe5 Nf4 45. a5 e3 46. a6 e2 47. a7 Rf1+ 48.
Ka2 Nd3 49. Qe3+ Kg7 50. a8=Q e1=Q 51. Qxe1 Rxe1 52. Qxd5 Nb4+ 53. Kb3 Nxd5 54. Kc4 Nf6 55. b4 Re4+ 56. Kc5 Rxh4 57. b5 Rh5+ 58. Kc6 Ne4 59. b6 Rc5+ 60. Kd7 Rb5 61. Kc6 Rxb6+ 62.
Kxb6 f5 0-1

[Event "Late-Titled-Tuesday-Blitz-March-19-2024"]
[Site "Chess.com"]
[Date "2024.03.19"]
[Round "1"]
[White "whiteglovethief"]
[Black "kingofthenil"]
[Result "0-1"]
[WhiteElo "2454"]
[BlackElo "2765"]
[TimeControl "180+1"]
[EndTime "14:08:08 PDT"]
[Termination "kingofthenil won by resignation"]

1. d4 e6 2. e4 d5 3. Nd2 h6 4. Bd3 c5 5. dxc5 Bxc5 6. Qe2 Nf6 7. Ngf3 O-O 8. O-O Nbd7 9. c4 dxc4 10. Nxc4 Nb6 11.
e5 Nfd5 12. Qe4 f5 13. exf6 Nxf6 14. Qg6 Qe8 15. Nce5 Qxg6 16. Nxg6 Rd8 17. Bc2 Bd7 18. Bb3 Nbd5 19. Nf4 Nxf4 20. Bxf4 Nd5 21. Bg3 Rac8 22. Rfe1 a5 23. Rad1 a4 24. Bxd5 exd5 25. Rxd5 Bg4 26. Rxd8+ Rxd8 27. Ne5 Be6 28. a3 Bb3 29. h4 Rd2 30. h5 Rxb2 31. Nd3 Bxa3 32. Nxb2 Bxb2 33. Bd6 b5 34. Re8+ Kf7 35. Re7+ Kf6 36. Ra7 Ke6 37. Bf8 Bc3 38. Rb7 Bc4 39. g4 Kd5 40. f4 Kc6 41. Rxg7 a3 42. Ra7 Bd4+ 43. Kg2 Bxa7 44. Bxa3 Be2 45.
Kg3 Bc5 46. Bb2 Kd5 47. g5 hxg5 48. h6 gxf4+ 49. Kxf4 Bd3 50. Kg5 Bd4 51. Ba3 Be3+ 52. Kh5 Bh7 53. Bf8 Kc4 54. Kg4 b4 55. Kf3 b3 56. Kxe3 b2 0-1

[Event "Late-Titled-Tuesday-Blitz-March-19-2024"]
[Site "Chess.com"]
[Date "2024.03.19"]
[Round "1"]
[White "Blitzstream"]
[Black "ExchangeAB"]
[Result "1/2-1/2"]
[WhiteElo "2841"]
[BlackElo "2504"]
[TimeControl "180+1"]
[EndTime "14:08:09 PDT"]
[Termination "Game drawn - insufficient material"]

1. e4 c5 2. Nf3 d6 3. d4 cxd4 4. Nxd4 Nf6 5. Nc3 a6 6. Rg1 e5 7. Nb3 Be6 8. g4 d5 9. exd5 Nxd5 10. Nxd5 Qxd5 11. Be3 Nc6 12. Qxd5 Bxd5 13. O-O-O O-O-O 14. Bb6 Rd7 15. g5 Be6 16. Be2 Rxd1+ 17. Rxd1 Be7 18. h4 h6 19. Be3 hxg5 20. hxg5 Rd8 21. Rh1 Bf5 22. Bc4 Bg6 23. c3 Kc7 24. Nc5 Bxc5 25.
Bxc5 b6 26. Be3 b5 27. Be2 Ne7 28. a4 Kc6 29. Bf3+ e4 30. Be2 Nd5 31. Bd4 Nf4 32. Bf1 Ne6 33. Be3 Nc5 34. Rh4 Nxa4 35. Bd4 Nc5 36. Bxc5 Kxc5 37. Bg2 Re8 38. Kd2 Re5 39.
Rg4 a5 40. Ke3 a4 41. Bf1 Rf5 42. Be2 Rd5 43. Rg1 Rd8 44. Rh1 Ra8 45. Rd1 a3 46. b4+ Kc6 47. Ra1 a2 48. Bd1 Ra3 49. Kd4 Kd6 50. Bc2 f5 51. gxf6 gxf6 52. Bxe4 Bxe4 53. Kxe4 Ke6 54. Kd4 Kf5 55. Kc5 Rxc3+ 56. Kxb5 Rc2 57.
Ka6 Rxf2 58. b5 Rb2 59. b6 Ke4 60. b7 f5 61. Ka7 f4 62. b8=Q Rxb8 63. Kxb8 f3 64.
Rxa2 Ke3 65. Kc7 f2 66. Ra3+ Ke2 67. Ra2+ Ke1 68. Ra1+ Ke2 69. Kd6 f1=Q 70. Rxf1 Kxf1 1/2-1/2